 Dungeon Crawl Stone Soup version 0.30-a0-845-g7c6808c8ce (webtiles) character file.

Game seed: 6457532887142185324

152 Demosthentine the Ducker (level 5, -1/41 HPs)
             Began as a Demonspawn Gladiator on Mar 3, 2023.
             Was an Initiate of Gozag.
             Killed from afar by a steam dragon (16 damage)
             ... with a ball of steam
             ... on level 3 of the Dungeon.
             The game lasted 00:02:23 (1554 turns).

Demosthentine the Ducker (Demonspawn Gladiator)     Turns: 1554, Time: 00:02:23

Health: -1/41      AC:  6    Str: 14    XL:     5   Next: 11%
Magic:  5/5        EV: 13    Int:  9    God:    Gozag
Gold:   135        SH:  0    Dex: 17    Spells: 4/4 levels left

rFire   . . .      SeeInvis .    a - +0 trident
rCold   . . .      Faith    .    m - orb {light}
rNeg    . . .      Spirit   .    b - +0 leather armour
rPois   .          Reflect  .    c - +0 helmet
rElec   .          Rampage  .    (no cloak)
rCorr   .                        l - +1 pair of gloves
Will    .....                    (no boots)
Stlth   +                        (no amulet)
HPRegen 0.26/turn                (no ring)
MPRegen 0.09/turn                (no ring)

@: glowing
A: weakness stinger 1
a: Renounce Religion, Potion Petition, Call Merchant, Bribe Branch


You were on level 3 of the Dungeon.
You worshipped Gozag.
Gozag was aware of your devotion.
You visited 1 branch of the dungeon, and saw 3 of its levels.

You collected 142 gold pieces.
You paid 7 gold pieces to Gozag.

Inventory:

Hand Weapons
 a - a +0 trident (weapon)
Missiles
 d - 3 throwing nets (quivered)
 e - a javelin
Armour
 b - a +0 leather armour (worn)
 c - a +0 helmet (worn)
 l - a +1 pair of gloves (worn)
 m - an orb of light (worn)
Jewellery
 j - a +4 ring of protection
Scrolls
 f - a scroll of enchant armour {unknown}
 h - 6 scrolls of teleportation
 n - a scroll of blinking {unknown}
 o - a scroll of amnesia {unknown}
Potions
 g - a potion of mutation
 i - 2 potions of curing
 k - a potion of heal wounds
 p - a potion of ambrosia {unknown}


   Skills:
 + Level 3.1 Fighting
 + Level 3.4 Polearms
 - Level 1.7 Throwing
 + Level 2.0 Armour
 + Level 3.5 Dodging


You had 4 spell levels left.
You didn't know any spells.
Your spell library was empty.

Dungeon Overview and Level Annotations

Branches:
Dungeon (3/15)

Altars:
Dithmenos
Gozag
Uskayaw
Wu Jian


Innate Abilities, Weirdness & Mutations

You have a small tail.


Message History

A steam dragon is nearby!
A steam dragon is nearby!
A steam dragon is nearby!
Throw: 4 throwing nets
Press: ? - help, Q - select action, (/) - cycle Shift-Dir - straight line, f - steam dragon
Aim: a steam dragon (haloed, 79% to hit)
You throw a throwing net. The throwing net hits the steam dragon.
The steam dragon is caught in the net!
The steam dragon struggles against the net.
Unknown command.
You reach to attack!
You puncture the steam dragon!
The steam dragon is moderately wounded.
The steam dragon breathes steam at you. The ball of steam hits you!
The steam dragon struggles against the net.
You reach to attack!
You puncture the steam dragon!
The steam dragon is heavily wounded.
You are engulfed in a cloud of scalding steam.
You are too injured to fight recklessly!
The steam dragon struggles against the net.
You hit the steam dragon but do no damage.
The steam dragon is heavily wounded.
You are engulfed in a cloud of scalding steam.
The steam dragon struggles against the net.
You hit the steam dragon but do no damage.
The steam dragon is heavily wounded.
The steam dragon struggles against the net.
The net rips apart, and the steam dragon comes free!
You hit the steam dragon but do no damage.
The steam dragon is heavily wounded.
The steam dragon misses you. The steam dragon closely misses you.
You barely miss the steam dragon. You tail-slap the steam dragon.
The steam dragon is severely wounded.
The steam dragon misses you. The steam dragon claws you.
You hit the steam dragon.
The steam dragon is severely wounded.
The steam dragon breathes steam at you. The ball of steam hits you!
You die...
Your body crumbles into a pile of gold.

##...........................#
##.##..........####.........#
###....##.......# #.........#
..####..........# #.[.......#
#.# ##........# #.........## #
#..#......# ##..........# #
#.##......##?##.......#.### ..
#.......D.###.....####§#
........@..# #####.######
#..#......## #.......
..........# ########
###........ §# #......... ###
###..###### # #.. #..


You could see a steam dragon (catching breath).

Vanquished Creatures
  An orc priest (D:3)
  5 gnolls
  An adder (D:2)
  A worm (D:2)
  A dart slug (D:1)
  2 orcs (D:3)
  2 endoplasms (D:1)
  A giant cockroach (D:1)
  8 goblins
  10 hobgoblins
  2 jackals (D:1)
  6 kobolds
  A quokka (D:2)
  5 ball pythons
  2 bats (D:1)
  A frilled lizard (D:1)
  7 rats
56 creatures vanquished.

Notes
Turn   | Place    | Note
-------+----------+-------------------------------------------
     0 | D:1      | Demosthentine the Demonspawn Gladiator began the quest for
                  | the Orb.
     0 | D:1      | Reached XP level 1. HP: 16/16 MP: 1/1
    48 | D:1      | Gained mutation: You have a small tail. [demonic ancestry]
    48 | D:1      | Reached XP level 2. HP: 18/22 MP: 2/2
   270 | D:1      | Reached skill level 1 in Armour
   347 | D:1      | Reached XP level 3. HP: 18/28 MP: 3/3
   977 | D:2      | Found an opulent altar of Gozag.
  1012 | D:2      | Became a worshipper of Gozag Ym Sagoz the Greedy
  1203 | D:2      | Reached XP level 4. HP: 34/34 MP: 4/4
  1426 | D:3      | Found a hide-covered altar of Uskayaw.
  1454 | D:3      | Reached XP level 5. HP: 39/41 MP: 5/5
  1475 | D:3      | Found a shadowy altar of Dithmenos.
  1498 | D:3      | Found an ornate altar of the Wu Jian Council.
  1545 | D:3      | Noticed a steam dragon
  1554 | D:3      | Killed from afar by a steam dragon

Illustrated notes

Levels and vault maps discovered:
D:1:      dpeg_arrival_tiny_e, layout_rooms, st_stairs_4
D:2:      minmay_spotlight, layout_loops_ring, basic_altar, columned_hall_lemuel
D:3:      layout_rooms, pdpol_wu_jian_five_deadly_venoms, trog_wizard,
          lemuel_crystal_altar, mainiacjoe_overflow_small_starburst,
          kennysheep_big_empty_room, uniq_crazy_yiuf_cottage

Skill      XL: |  1  2  3  4 |
---------------+-------------+-----
Polearms       | 3 |  3.4
Armour         | 1 2 |  2.0
Dodging        | 3 |  3.5
Fighting       | 3 |  3.1
Throwing       | |  1.7

Action                     |  1- 3 |  4- 6 || total
---------------------------+-------+-------++-------
  Melee: Trident           |   105 |    47 ||   152
         Tailslap          |     3 |     6 ||     9
  Throw: Throwing net      |     3 |     1 ||     4
    Use: Scroll            |     2 |     4 ||     6
         Potion            |       |     1 ||     1
   Stab: Sleeping          |     3 |       ||     3
 Armour: Leather armour    |    23 |     7 ||    30
  Dodge: Dodged            |    45 |    22 ||    67

Table legend: (Time is in decaauts)
 A = Elapsed time spent in this place.
 B = Non-inter-level travel time spent in this place.
 C = Inter-level travel time spent in this place.
 D = Time resting spent in this place.
 E = Time spent auto-exploring this place.
 F = Levels seen in this place.
 G = Mean time per level.
                   A        B        C        D        E       F      G
               +--------+--------+--------+--------+--------+-----+--------+
         Total |   1575 |   1563 |     12 |     61 |   1115 |   3 |  525.0 |
       Dungeon |   1575 |   1563 |     12 |     61 |   1115 |   3 |  525.0 |
               +--------+--------+--------+--------+--------+-----+--------+

Top non-repeatable levels by time:
     D:2: 870 daAuts
     D:1: 509 daAuts
     D:3: 195 daAuts
